 Dungeon Sprint DCSS version 0.21.1-1-g345015f (webtiles) character file.

1082 Fang the Cleaver (level 8, -7/85 HPs)
             Began as a Minotaur Berserker on June 1, 2018.
             Was a High Priest of Trog.
             Mangled by an acid dragon (15 damage)
             ... in the Dungeon (Sprint IX: "|||||||||||||||||||||||||||||").
             The game lasted 00:01:07 (315 turns).

Fang the Cleaver (Minotaur Berserker)                Turns: 315, Time: 00:01:07

Health: -7/85      AC:  0    Str: 26    XL:     8   Next: 8%
Magic:  7/7        EV: 15    Int:  4    God:    Trog [*****.]
Gold:   0          SH:  0    Dex: 11    Spells: 7/7 levels left

rFire    . . .     SeeInvis .   n - +1 broad axe (chop)
rCold    . . .     Gourm    .   (no shield)
rNeg     . . .     Faith    .   b - +0 animal skin
rPois    .         Spirit   .   (helmet restricted)
rElec    .         Reflect  .   (no cloak)
rCorr    .         Harm     .   (no gloves)
MR       .....     NoTele   +   (no boots)
Stlth    +.........             (no amulet)
HPRegen  0.24/turn              p - +2 ring of protection
MPRegen  0.10/turn              o - +3 ring of strength

@: corroded, berserk cooldown, slowed, very slow
A: retaliatory headbutt, horns 2
a: Berserk, Trog's Hand, Brothers in Arms, Burn Spellbooks, Renounce Religion


You were in the Dungeon.
You worshipped Trog.
Trog was extremely pleased with you.
You were hungry.

You visited 1 branch

Inventory:

Hand Weapons
 a - a +0 hand axe
 n - a +1 broad axe of chopping (weapon)
Armour
 b - a +0 animal skin (worn)
Jewellery
 o - a +3 ring of strength (right hand)
 p - a +2 ring of protection (left hand)
Wands
 m - a wand of iceblast (10)
Scrolls
 i - 2 scrolls of blinking
 l - 3 scrolls of remove curse
Potions
 d - 2 potions of curing
 e - 2 potions of heal wounds
 f - a potion of haste
 g - 4 potions of magic
 h - a potion of berserk rage
 k - a potion of invisibility
Comestibles
 c - a ration


   Skills:
 + Level 12.9 Fighting
 + Level 13.5 Axes
 + Level 6.9 Armour
 + Level 7.5 Dodging
 + Level 0.3 Stealth


You had 7 spell levels left.
You didn't know any spells.

Dungeon Overview and Level Annotations

Branches:
Dungeon (1/1)

Altars:
Cheibriados
Dithmenos
Elyvilon
Fedhas
Gozag
Hepliaklqana
Kikubaaqudgha
Makhleb
Nemelex Xobeh
Okawaru
Qazlal
Ru
Sif Muna
Trog
Uskayaw
Vehumet
Wu Jian
Xom
Yredelemnul
Zin
The Shining One
Beogh
Jiyva
Lugonu


Innate Abilities, Weirdness & Mutations

You reflexively headbutt those who attack you in melee.
You have a pair of horns on your head.


Message History

The acid dragon closely misses you. The acid dragon barely misses you.
The acid dragon closely misses you.
You feel better. The acid dragon misses you. The acid dragon claws you.
Unknown command.
You closely miss the acid dragon. Your headbutt misses the acid dragon.
The acid dragon closely misses you. The acid dragon claws you.
The acid dragon spits acid at you. The splash of acid hits you!
* * * LOW HITPOINT WARNING * * *
The acid corrodes you!
You are splashed with acid!
The acid burns!
* * * LOW HITPOINT WARNING * * *
You hit the acid dragon. You headbutt the acid dragon.
The acid dragon is heavily wounded.
The acid dragon spits acid at you. The splash of acid misses you.
You hit the acid dragon but do no damage.
You headbutt the acid dragon.
The acid dragon is heavily wounded.
The acid dragon bites you!
You die...

▓+▓
▓.▓
▓.▓
▓.▓
▓n▓
▓D▓
▓@▓
▓)▓
▓(▓
▓.▓
▓.▓
▓.▓
▓.▓
▓.▓
▓)▓


You could see an acid dragon and a necrophage.

Vanquished Creatures
  A troll (D)
  A hippogriff (D)
  A hungry ghost (D)
  A sky beast (D)
  An eye of draining (D)
  A phantom (D)
  An ogre (D)
  A centaur (D)
  A big kobold (D)
  A killer bee (D)
  2 adder zombies (D)
  A leopard gecko (D)
  A bat (D)
  A bat skeleton (D)
  A bat zombie (D)
  A goblin (D)
  2 frilled lizards (D)
  A rat (D)
20 creatures vanquished.

Notes
Turn   | Place    | Note
-------+----------+-------------------------------------------
     0 | D        | Fang the Minotaur Berserker began the quest for the Orb.
     0 | D        | Reached XP level 1. HP: 19/19 MP: 0/0
     7 | D        | Reached skill level 4 in Axes
    10 | D        | Reached ** piety under Trog
    27 | D        | Noticed an ogre
    29 | D        | Reached XP level 2. HP: 28/28 MP: 1/1
    30 | D        | Reached *** piety under Trog
    32 | D        | Reached skill level 5 in Fighting
    32 | D        | Reached skill level 5 in Axes
    35 | D        | Killed an ogre
    35 | D        | Reached skill level 7 in Axes
    35 | D        | Reached XP level 3. HP: 39/39 MP: 2/2
    35 | D        | Reached XP level 4. HP: 47/47 MP: 3/3
    43 | D        | Found a roughly hewn altar of Beogh.
    43 | D        | Found a snail-covered altar of Cheibriados.
    43 | D        | Found a shadowy altar of Dithmenos.
    43 | D        | Found a white marble altar of Elyvilon.
    43 | D        | Found a blossoming altar of Fedhas.
    43 | D        | Found an opulent altar of Gozag.
    44 | D        | Found a hazy altar of Hepliaklqana.
    45 | D        | Found a viscous altar of Jiyva.
    46 | D        | Found an ancient bone altar of Kikubaaqudgha.
    47 | D        | Found a corrupted altar of Lugonu.
    48 | D        | Found a burning altar of Makhleb.
    49 | D        | Found a sparkling altar of Nemelex Xobeh.
    50 | D        | Found an iron altar of Okawaru.
    51 | D        | Found a stormy altar of Qazlal.
    52 | D        | Found a sacrificial altar of Ru.
    53 | D        | Found a deep blue altar of Sif Muna.
    54 | D        | Found a bloodstained altar of Trog.
    55 | D        | Found a hide-covered altar of Uskayaw.
    56 | D        | Found a radiant altar of Vehumet.
    57 | D        | Found an ornate altar of the Wu Jian Council.
    58 | D        | Found a shimmering altar of Xom.
    59 | D        | Found a basalt altar of Yredelemnul.
    60 | D        | Found a glowing silver altar of Zin.
    61 | D        | Found a glowing golden altar of the Shining One.
    91 | D        | Noticed a sky beast
    91 | D        | Noticed an eye of draining
    91 | D        | Noticed a hippogriff
    91 | D        | Noticed a big kobold
    95 | D        | Killed a big kobold
    95 | D        | Reached **** piety under Trog
    95 | D        | Reached skill level 8 in Axes
    95 | D        | Reached XP level 5. HP: 56/56 MP: 0/4
    96 | D        | Killed a hippogriff
    96 | D        | Reached skill level 10 in Fighting
    96 | D        | Reached skill level 10 in Axes
    96 | D        | Reached skill level 5 in Armour
    96 | D        | Reached skill level 5 in Dodging
    96 | D        | Reached XP level 6. HP: 67/67 MP: 0/5
    99 | D        | Reached skill level 11 in Axes
   113 | D        | Killed a sky beast
   113 | D        | Reached ***** piety under Trog
   113 | D        | Reached XP level 7. HP: 33/74 MP: 1/6
   292 | D        | Noticed a troll
   292 | D        | Noticed a hungry ghost
   294 | D        | Reached skill level 12 in Axes
   302 | D        | Killed a hungry ghost
   302 | D        | Reached skill level 13 in Axes
   304 | D        | Killed a troll
   304 | D        | Received a gift from Trog
   304 | D        | Reached XP level 8. HP: 83/85 MP: 7/7
   315 | D        | Mangled by an acid dragon

Skill      XL: |  1  2  3  4  5  6  7 |
---------------+----------------------+-----
Fighting       | 4 7 8 10 11 12 | 12.9
Axes           | 4 7 8 10 11 13 | 13.5
Armour         | 4 5 6 |  6.9
Dodging        | 3 4 5 6 7 |  7.5
Stealth        | |  0.3

Action                   |  1- 3 |  4- 6 |  7- 9 || total
-------------------------+-------+-------+-------++-------
Melee: Hand axe          |    17 |       |       ||    17
       Headbutt          |     3 |     3 |     4 ||    10
       Broad axe         |       |    17 |    16 ||    33
Invok: Berserk           |     1 |     1 |     1 ||     3
  Use: Potion            |       |       |     4 ||     4
Armor: Animal skin       |     2 |     1 |     1 ||     4
Dodge: Dodged            |    13 |    10 |    20 ||    43
